 Dungeon Crawl Stone Soup version 0.30-a0-824-g6c64550be9 (webtiles) character file.

Game seed: 3215992037891261824

804 jimonade the Magician (level 8, -6/56 HPs)
             Began as a Djinni Warper on Feb 28, 2023.
             Killed from afar by a white imp (13 damage)
             ... with a puff of frost
             ... on level 6 of the Dungeon.
             The game lasted 00:13:10 (4693 turns).

jimonade the Magician (Djinni Warper)               Turns: 4693, Time: 00:13:10

Health: -6/56      AC:  3    Str: 16    XL:     8   Next: 14%
Gold:   133        EV: 12    Int: 17    God:
                   SH:  0    Dex: 13

rFire   + + .      SeeInvis .    a - +1 short sword (protect)
rCold   x . .      Faith    .    (no shield)
rNeg    . . .      Spirit   .    b - +0 leather armour
rPois   ∞          Reflect  .    (no helmet)
rElec   .          Harm     .    (no cloak)
rCorr   .          Rampage  .    (no gloves)
Will    .....                    (boots unavailable)
Stlth   +                        (no amulet)
HPRegen 0.29/turn                p - +6 ring of strength
MPRegen 0.00/turn                (no ring)

@: flying
A: sickness immunity, fire resistance 2, cold vulnerability 1, float, innate
caster, HP casting, extra vitality 1
a: no special abilities


You were on level 6 of the Dungeon.
You visited 1 branch of the dungeon, and saw 6 of its levels.

You collected 133 gold pieces.

Inventory:

Hand Weapons
 a - a +1 short sword of protection (weapon)
 o - a +0 sling
 t - a +0 rapier
 w - a +1 heavy battleaxe
 E - a +0 flail of protection
Missiles
 d - 7 boomerangs of dispersal (quivered)
 f - 25 stones
 i - 10 poisoned darts
 r - 8 boomerangs
Armour
 b - a +0 leather armour (worn)
 l - a +0 ring mail
 m - a +0 chain mail
Jewellery
 j - an amulet of faith
 p - a +6 ring of strength (left hand)
Wands
 C - a wand of roots (3)
Scrolls
 c - a scroll of blinking
 e - a scroll of magic mapping {unknown}
 g - 2 scrolls of identify
 h - 2 scrolls of silence
 k - a scroll of poison
 v - a scroll of vulnerability
 y - a scroll of immolation {unknown}
 B - a scroll of fear {unknown}
 D - a scroll of noise {unknown}
Potions
 n - 2 potions of attraction
 q - 2 potions of berserk rage
 s - 2 potions of curing
 u - a potion of haste
 x - a potion of heal wounds {unknown}
 z - a potion of ambrosia {unknown}
 A - 3 potions of flight {unknown}


   Skills:
 + Level 3.2 Fighting
 + Level 4.0 Short Blades
 - Level 1.5 Maces & Flails
 - Level 0.7 Throwing
 + Level 2.7 Armour
 + Level 3.6 Dodging
 * Level 4.7 Spellcasting


You knew the following spells:

 Your Spells              Type           Power      Damage    Failure   Level
a - Blink                 Tloc           40%        N/A       3%          2
b - Lesser Beckoning      Tloc           40%        N/A       3%          2
c - Vhi's Electric Charg  Tloc/Air       40%        N/A       8%          3
d - Teleport Other        Tloc           20%        N/A       8%          3
e - Manifold Assault      Tloc           20%        N/A       24%         4
f - Sandblast             Erth           40%        2d10      2%          1
g - Wereblood             Tmut           20%        N/A       3%          2
h - Inner Flame           Hex/Fire       20%        N/A       8%          3
Your spell library was empty.

Dungeon Overview and Level Annotations

Branches:
Dungeon (6/15)
 Temple: D:4-7

Altars:
Ashenzari
Elyvilon
Ru
The Shining One

Shops:
D:6 [

Annotations:
D:2 exclusion: door, Sigmund
D:4 exclusion: downstairs


Innate Abilities, Weirdness & Mutations

You are immune to sickness and miasma.
You are immune to poison.
Your flesh is very heat resistant. (rF++)
You are vulnerable to cold. (rC-)
You float through the air rather than walking.
You learn spells naturally, not from books.
Your magical power is your life essence.
You have superior vitality. (+4 MHP)


Message History

The white imp gestures at you. The puff of frost hits you!
You feel a terrible chill!
You see here a scroll of vulnerability.
The white imp gestures at you. The puff of frost hits you!
You feel a terrible chill!
Casting: Sandblast (safe; 2% risk of failure)
Confirm with . or Enter, or press ? or * to list all spells.
Aiming: Sandblast (safe; 2% risk of failure)
Press: ? - help, Shift-Dir - straight line, f - white imp
Aim: a white imp (83% to hit)
The blast of sand hits the white imp!
The white imp is almost dead.
The white imp hits you. The white imp freezes you.
You feel a terrible chill!
Casting: Sandblast (safe; 2% risk of failure)
Confirm with . or Enter, or press ? or * to list all spells.
Aiming: Sandblast (safe; 2% risk of failure)
Press: ? - help, Shift-Dir - straight line, f/p - white imp
Aim: a white imp (almost dead, 83% to hit)
The blast of sand misses the white imp.
A hound comes into view.
The white imp hits you. The white imp freezes you!
You feel a terrible chill!
* * * LOW HITPOINT WARNING * * *
The hound moves out of view.
Casting: Sandblast (safe; 2% risk of failure)
Confirm with . or Enter, or press ? or * to list all spells.
Aiming: Sandblast (safe; 2% risk of failure)
Press: ? - help, Shift-Dir - straight line, p - white imp
Okay, then.
Unknown command.
You closely miss the white imp.
The white imp is almost dead.
The white imp hits you.
* * * LOW HITPOINT WARNING * * *
The white imp freezes you.
You feel a terrible chill!
* * * LOW HITPOINT WARNING * * *
You closely miss the white imp.
The white imp is almost dead.
The white imp gestures at you. The puff of frost hits you!
You feel a terrible chill!
You die...

#.#..........##
..# #
#.##8...##..##.#
#. ###.####....#
# #.###.†...#
#.....##..#
#....###..# ##..
#..##†.##?.#....#
#...####.#......#
#...#
#†#@..##...#
....#
#..5#....... ..#)
##..#.##.##. ...
##...# # ....#
###.# ... ....
.#.


You could see a white imp.

Vanquished Creatures
  A sky beast (D:6)
  A centaur (D:6)
  2 ogres
  A necrophage (D:4)
  2 howler monkeys
  3 hounds
  An iguana (D:5)
  An orc wizard (D:4)
  6 gnolls
  7 adders
  A dart slug (D:1)
  10 orcs
  3 ball pythons
  3 endoplasms
  2 giant cockroaches
  2 hobgoblins
  2 jackals (D:3)
  2 quokkas
  2 bats
  9 goblins
  3 kobolds
  2 rats
66 creatures vanquished.

Notes
Turn   | Place    | Note
-------+----------+-------------------------------------------
     0 | D:1      | jimonade the Djinni Warper began the quest for the Orb.
     0 | D:1      | jimonade set off with the following spells memorised:
                  | Blink, Lesser Beckoning, Vhi's Electric Charge, Teleport
                  | Other, Manifold Assault.
     0 | D:1      | Reached XP level 1. HP: 18/18 MP: 0/0
   157 | D:1      | Reached XP level 2. HP: 23/23 MP: 0/0
  1058 | D:2      | Noticed Sigmund
  1193 | D:2      | Reached XP level 3. HP: 28/28 MP: 0/0
  1193 | D:2      | Learned a level 1 spell: Sandblast
  1657 | D:3      | Reached skill level 1 in Short Blades
  1660 | D:3      | Reached XP level 4. HP: 33/33 MP: 0/0
  2204 | D:4      | Noticed a necrophage
  2247 | D:4      | Killed a necrophage
  2248 | D:4      | Reached XP level 5. HP: 31/39 MP: 0/0
  2248 | D:4      | Learned a level 2 spell: Wereblood
  2470 | D:4      | Noticed an ogre
  2489 | D:4      | Killed an ogre
  2490 | D:4      | Reached XP level 6. HP: 23/45 MP: 0/0
  2896 | D:4      | Found a glowing golden altar of the Shining One.
  2899 | D:4      | Found a broken altar of Ashenzari.
  2902 | D:4      | Found a white marble altar of Elyvilon.
  2905 | D:4      | Found a sacrificial altar of Ru.
  3114 | D:5      | Entered Level 5 of the Dungeon
  3393 | D:5      | Noticed an ogre
  3587 | D:5      | Reached XP level 7. HP: 49/49 MP: 0/0
  3587 | D:5      | Learned a level 3 spell: Inner Flame
  4439 | D:6      | Found Womaghuh's Armour Shoppe.
  4557 | D:6      | Reached XP level 8. HP: 23/56 MP: 0/0
  4693 | D:6      | Killed from afar by a white imp

Illustrated notes

Levels and vault maps discovered:
D:1:      ncdulo_lavacross, layout_loops_ring, minmay_misc_feat_rugged
D:2:      layout_basic, uniq_sigmund
D:3:      layout_loops_corners
D:4:      layout_gridville, grunt_temple_overflow_cloverleaf
D:5:      layout_basic
D:6:      layout_rooms, minmay_temple_entry_slanted, serial_shops,
          nicolae_lakefront_shop, nicolae_stop_n_shop_2, nicolae_shop_crystal,
          nicolae_take_the_stairs

Skill      XL: |  1  2  3  4  5  6  7 |
---------------+----------------------+-----
Spellcasting   | 3 4 |  4.7
Short Blades   | 1 2 3 4 |  4.0
Armour         | 2 |  2.7
Dodging        | 3 |  3.6
Fighting       | 3 |  3.2
Maces & Flails | |  1.5
Throwing       | |  0.7

Action                     |  1- 3 |  4- 6 |  7- 9 || total
---------------------------+-------+-------+-------++-------
  Melee: Short sword       |    94 |   211 |    25 ||   330
         Mace              |    11 |       |       ||    11
         Punch             |       |     3 |     1 ||     4
  Throw: Dart              |       |     2 |       ||     2
         Throwing net      |       |     1 |       ||     1
   Cast: Sandblast         |       |       |    24 ||    24
         Inner Flame       |       |       |    13 ||    13
         Teleport Other    |       |       |     1 ||     1
    Use: Scroll            |       |     7 |       ||     7
   Stab: Held in net/web   |       |     2 |       ||     2
 Armour: Leather armour    |    34 |    66 |    16 ||   116
  Dodge: Dodged            |    54 |   114 |    19 ||   187

Table legend: (Time is in decaauts)
 A = Elapsed time spent in this place.
 B = Non-inter-level travel time spent in this place.
 C = Inter-level travel time spent in this place.
 D = Time resting spent in this place.
 E = Time spent auto-exploring this place.
 F = Levels seen in this place.
 G = Mean time per level.
                   A        B        C        D        E       F      G
               +--------+--------+--------+--------+--------+-----+--------+
         Total |   4677 |   4327 |    350 |    313 |   2911 |   6 |  779.5 |
       Dungeon |   4677 |   4327 |    350 |    313 |   2911 |   6 |  779.5 |
               +--------+--------+--------+--------+--------+-----+--------+

Top non-repeatable levels by time:
     D:5: 1395 daAuts
     D:4: 1018 daAuts
     D:3: 878 daAuts
     D:1: 823 daAuts
     D:2: 466 daAuts
     D:6: 95 daAuts
